AoeStats
← Raobil53

Oasis

508713451Analyzed
2v2 RM · 7d ago on Sep 23, 2026· 49m 10s· 4 players
Game mode
Random Map
Map size
Medium (4 player)
Population
200
Speed
Normal
Resources
Standard
Victory
Conquest
Starting age
Dark Age
Ending age
Imperial Age
RankedLock teamsTeams togetherTeam positionsShared explorationLock speedFull tech treeHidden civsTurbo modeCheats
Victory
Defeat
🇩🇪 Goths · Germany
1144
+15
🇨🇭 Vietnamese · Switzerland
1143
+16
🇦🇷 Franks · Argentina
1150
-16
🇻🇪 Bohemians · Venezuela
1123
-15
kevinrgarciab
7:35 Loom
10:16 Feudal Age
11:02 Double-Bit Axe
18:44 Castle Age
17:01 Fletching
18:52 Wheelbarrow
18:40 Horse Collar
19:44 Husbandry
20:43 Heavy Plow
25:08 Bow Saw
25:22 Elite Skirmisher
28:24 Hand Cart
28:40 Husbandry
28:46 Town Watch
29:57 Scale Barding Armor
30:04 Forging
35:38 Ballistics
39:11 Wagenburg Tactics
40:22 Chemistry
39:18 Light Cavalry
Marco Aurelio
6:20 Loom
9:49 Feudal Age
10:26 Double-Bit Axe
26:54 Castle Age
25:09 Padded Archer Armor
26:35 Fletching
26:57 Crossbowman
27:34 Bodkin Arrow
29:47 Leather Archer Armor
31:18 Ballistics
32:10 Gold Mining
37:54 Gold Shaft Mining
37:56 Town Watch
38:41 Bow Saw
39:54 Wheelbarrow
42:57 Imperial Age
41:17 Masonry
43:29 Hand Cart
43:15 Heavy Scorpion
43:31 Elite Throwing Axeman
44:55 Heavy Scorpion
46:55 Scale Barding Armor
48:03 Chain Barding Armor
47:21 Cavalier
Raobil53
11:21 Feudal Age
17:09 Castle Age
14:56 Loom
15:45 Double-Bit Axe
16:39 Padded Archer Armor
16:48 Horse Collar
17:24 Crossbowman
18:35 Gold Mining
19:04 Fletching
20:33 Bodkin Arrow
22:12 Bow Saw
23:43 Wheelbarrow
24:59 Thumb Ring
25:24 Leather Archer Armor
27:52 Heavy Plow
28:43 Town Watch
35:04 Imperial Age
32:49 Hand Cart
32:35 Town Patrol
33:34 Ballistics
34:36 Elite Skirmisher
36:45 Imperial Skirmisher
38:33 Bracer
38:40 Scale Barding Armor
39:38 Ring Archer Armor
40:46 Chemistry
39:48 Arbalester
kühlfrost
7:23 Loom
10:18 Feudal Age
11:04 Double-Bit Axe
11:00 Horse Collar
11:33 Man-at-Arms
12:24 Man-at-Arms
14:28 Wheelbarrow
17:06 Fletching
20:55 Castle Age
19:15 Gold Mining
22:03 Bow Saw
22:13 Bodkin Arrow
24:08 Stone Mining
24:56 Town Watch
25:34 Scale Mail Armor
25:44 Forging
26:16 Squires
26:33 Chain Mail Armor
27:42 Anarchy
38:07 Iron Casting
40:15 Imperial Age
38:41 Iron Casting
38:42 Long Swordsman
41:34 Conscription
42:17 Blast Furnace
41:47 Elite Huskarl
43:16 Perfusion
46:57 Two-Handed Swordsman
47:41 Bracer
Connection lost

Rejoining the realm…

Still unreachable

The connection could not be restored.

Session expired

The server has moved on; the page needs a fresh start.